 Dungeon Crawl Stone Soup version 0.32-a0-422-g28b100f618 (webtiles) character file.

Game seed: 18283895674939916527

2216 timneilson the Ruffian (level 9, -13/61 HPs)
             Began as an Octopode Shapeshifter on Feb 21, 2024.
             Was an Initiate of Gozag.
             Mangled by an ice beast (14 damage)
             ... on level 7 of the Dungeon.
             The game lasted 00:14:15 (5579 turns).

timneilson the Ruffian (Octopode Shapeshifter)      Turns: 5579, Time: 00:14:16

Health: -13/61     AC:  1    Str: 17    XL:     9   Next: 35%
Magic:  9/9        EV: 14    Int: 13    God:    Gozag
Gold:   823        SH:  0    Dex: 11    Spells: 8/8 levels left

rFire   . .          .
                       - Unarmed
rCold   . . .        (no shield)
rNeg    . . .        (helmet currently unavailable)
rPois   .            (no amulet)
rElec   .            (no ring)
rCorr   .            (no ring)
SInv    .            (no ring)
Will    .....        (no ring)
Stlth   ++++         (no ring)
HPRegen 0.30/turn    (no ring)
MPRegen 0.11/turn    (no ring)
                     (no ring)

%: no passive effects
@: beast-form
A: beast (slay +3), almost no armour, amphibious, 8 rings, camouflage 1,
gelatinous body 1, (nimble swimmer 1), tentacles
a: Begin Untransformation, Renounce Religion, Potion Petition, Call Merchant,
Bribe Branch


You were on level 7 of the Dungeon.
You worshipped Gozag.
Gozag was pleased with you.
You were a hulking beast.
You visited 1 branch of the dungeon, and saw 7 of its levels.
You also visited: Sewer and Ossuary.

You collected 887 gold pieces.
You paid 64 gold pieces to Gozag.

Inventory:

Missiles
 e - 2 throwing nets (quivered)
 s - 6 poisoned darts
Jewellery
 j - a ring of ice
Talismans
 b - a beast talisman (active)
 c - a flux talisman
Wands
 q - a wand of charming (17)
 u - a wand of light (5)
Scrolls
 a - 6 scrolls of identify
 g - 5 scrolls of teleportation
 h - a scroll of amnesia
 l - 2 scrolls of noise
 m - a scroll of enchant weapon
 o - 2 scrolls of poison
Potions
 d - 7 potions of curing
 f - 2 potions of ambrosia
 i - 5 potions of resistance
 k - 2 potions of haste
 n - a potion of lignification
 p - 2 potions of attraction
 r - 3 potions of berserk rage
 t - a potion of magic {unknown}


   Skills:
 * Level 5.5 Fighting
 * Level 5.9 Dodging
 + Level 5.5 Stealth
 * Level 6.3 Unarmed Combat
 + Level 2.1 Evocations
 * Level 6.0 Shapeshifting


You had 8 spell levels left.
You didn't know any spells.
Your spell library contained the following spells:

 Spells                   Type           Power      Damage    Failure   Level
 Blink                    Tloc           0%         N/A       43%         2
 Lesser Beckoning         Tloc           0%         N/A       43%         2
 Momentum Strike          Conj/Tloc      0%         3d8       43%         2
 Passage of Golubria      Tloc           0%         N/A       97%         4
 Silence                  Hex/Air        0%         N/A       100%        5
 Lehudib's Crystal Spear  Conj/Erth      0%         10d2      100%        8


Dungeon Overview and Level Annotations

Branches:
Dungeon (7/15)             Temple (0/1) D:5           Sewer (visited)
Ossuary (visited)

Altars:
Elyvilon
Gozag
Nemelex Xobeh
Vehumet
Xom
The Shining One

Shops:
D:6 [


Innate Abilities, Weirdness & Mutations

You are a hulking beast.
Your limbs bulge with bestial killing power. (Slay +3)
You cannot wear most types of armour.
You are amphibious.
You can wear up to eight rings at the same time.
Your skin changes colour to match your surroundings (Stealth+).
Your rubbery body absorbs attacks. (AC +1, EV +1)
((You are camouflaged when in or above water. (Stealth+)))
You have tentacles for arms and can constrict up to eight enemies at once.


Message History

You barely miss the ice beast. The ice beast closely misses you.
You tentacle-slap the ice beast.
The ice beast is lightly wounded.
The ice beast completely misses you.
You tentacle-slap the ice beast.
Your tentacle-slap misses the ice beast.
The ice beast is moderately wounded.
The ice beast closely misses you.
You barely miss the ice beast. Your squeeze misses the ice beast.
The ice beast is moderately wounded.
The ice beast hits you. The ice beast freezes you!
You closely miss the ice beast. Your squeeze misses the ice beast.
The ice beast is moderately wounded.
The ice beast misses you.
You barely miss the ice beast. You squeeze the ice beast.
The ice beast is moderately wounded.
You tentacle-slap the ice beast.
You squeeze the ice beast, but do no damage.
The ice beast is heavily wounded.
The ice beast hits you but does no damage.
You barely miss the ice beast.
The ice beast is heavily wounded.
The ice beast hits you. The ice beast freezes you!
You barely miss the ice beast.
The ice beast is heavily wounded.
The ice beast hits you. The ice beast freezes you!
* * * LOW HITPOINT WARNING * * *
You closely miss the ice beast. You squeeze the ice beast.
The ice beast is severely wounded.
The ice beast hits you.
* * * LOW HITPOINT WARNING * * *
The ice beast freezes you!
* * * LOW HITPOINT WARNING * * *
You tentacle-slap the ice beast.
The ice beast is almost dead.
The ice beast hits you.
* * * LOW HITPOINT WARNING * * *
The ice beast freezes you!
You die...
Your body crumbles into a pile of gold.

##### # #...# ..#
##...##############....#
#...............hY...!..
.....####.#########....#
..##.# #.# ..#
..##.####.##### #
>.............##
...#.####.###..## .#.#.#
#.#.....# .#.#.#
#.....#.# .#.#.#
#.#...#.########


You could see an ice beast.

Vanquished Creatures
  A steam dragon (D:7)
  A water moccasin (D:6)
  An orc warrior (D:6)
  A sky beast (D:7)
  An ogre (D:4)
  A black bear (D:4)
  A crocodile (Sewer)
  A centaur (D:5)
  2 phantoms
  2 bullfrogs (D:7)
  2 elf zombies (Ossuary)
  A brain worm (Sewer)
  2 scorpions
  2 hounds
  2 jellies
  3 orc priests
  2 sleepcaps (D:4)
  A gnoll bouda (D:5)
  2 orc wizards (D:6)
  2 iguanas (D:4)
  4 mummies (Ossuary)
  2 hound zombies (Ossuary)
  10 gnolls
  5 adders
  2 adder zombies (Ossuary)
  3 ribbon worms (D:3)
  3 dart slugs
  25 orcs
  7 ball pythons
  An endoplasm (D:2)
  A giant cockroach (D:2)
  A gnoll zombie (Ossuary)
  7 goblins
  3 hobgoblins
  4 jackals (D:5)
  4 quokkas
  10 bats
  5 frilled lizards
  A goblin zombie (Ossuary)
  6 kobolds
  2 kobold zombies (Ossuary)
  2 orc zombies (Ossuary)
  4 rats
143 creatures vanquished.

Notes
Turn   | Place    | Note
-------+----------+-------------------------------------------
     0 | D:1      | timneilson the Octopode Shapeshifter began the quest for
                  | the Orb.
     0 | D:1      | Reached XP level 1. HP: 13/13 MP: 1/1
    47 | D:1      | Reached XP level 2. HP: 18/18 MP: 2/2
   474 | D:1      | Reached skill level 1 in Stealth
   477 | D:1      | Reached XP level 3. HP: 19/23 MP: 3/3
   741 | D:2      | Reached XP level 4. HP: 29/29 MP: 4/4
  1385 | D:3      | Reached XP level 5. HP: 34/34 MP: 5/5
  1587 | D:3      | Found a glowing drain.
  1629 | Sewer    | Entered a sewer
  1754 | Sewer    | Noticed a crocodile
  1768 | Sewer    | Killed a crocodile
  1769 | Sewer    | Reached XP level 6. HP: 37/41 MP: 6/6
  2165 | D:3      | Identified the +10 hand axe "Weisho" {flame, Str+2}
  2437 | D:4      | Reached XP level 7. HP: 31/46 MP: 7/7
  2856 | D:4      | Found a radiant altar of Vehumet.
  2861 | D:4      | Found a white marble altar of Elyvilon.
  3168 | D:4      | Found an opulent altar of Gozag.
  3176 | D:4      | Became a worshipper of Gozag Ym Sagoz the Greedy
  3291 | D:5      | Entered Level 5 of the Dungeon
  3317 | D:4      | HP: 2/48 [gnoll/+0 club[a gnoll bouda] (4)]
  3321 | D:4      | Reached skill level 5 in Unarmed Combat
  3321 | D:4      | Reached XP level 8. HP: 19/54 MP: 8/8
  3619 | D:5      | HP: 2/54 [centaur (1)]
  3803 | D:5      | Reached skill level 5 in Shapeshifting
  4010 | D:5      | Found a shimmering altar of Xom.
  4038 | D:5      | Found a staircase to the Ecumenical Temple.
  4158 | D:6      | Found Biceff's Antique Armour Boutique.
  4222 | D:6      | Reached skill level 5 in Dodging
  4264 | D:6      | Found a sparkling altar of Nemelex Xobeh.
  4423 | D:6      | Found a sand-covered staircase.
  4428 | Ossuary  | Entered an ossuary
  4436 | Ossuary  | Reached skill level 1 in Evocations
  4454 | Ossuary  | Reached skill level 5 in Fighting
  4454 | Ossuary  | Reached skill level 5 in Stealth
  4638 | Ossuary  | Reached XP level 9. HP: 55/61 MP: 9/9
  4972 | D:6      | You fall into a shaft and drop 1 floor!
  5089 | D:7      | Found a glowing golden altar of the Shining One.
  5578 | D:7      | HP: 3/61 [ice beast (14)]
  5579 | D:7      | HP: 1/61 [ice beast (2)]
  5579 | D:7      | Mangled by an ice beast

Illustrated notes

Levels and vault maps discovered:
D:1:      minmay_arrival_four_circles, layout_loops_ring
D:2:      layout_basic, minmay_misc_feat_pillars
D:3:      layout_loops_cross, cheibrodos_sewer_entry_sluice, serial_rivers,
          chequers_serial_rivers_micro_e, chequers_serial_rivers_room_a,
          chequers_serial_rivers_marsh, chequers_serial_rivers_micro_c,
          chequers_serial_rivers_large_a, chequers_serial_rivers_large_b,
          chequers_serial_rivers_small_b
D:4:      layout_cave_pools, mainiacjoe_overflow_catch_the_wave,
          lemuel_tele_altar
D:5:      layout_gridville, xom_teletrap_fun, minmay_temple_entry_proselytizer
D:6:      layout_loops_ring, nemelex_xobeh_ov_fountains_minmay, enter_ossuary_2,
          serial_shops, shop, shop, uniq_jeremiah
D:7:      layout_basic, tso_metal_star, grunt_ministairs_1

Skill      XL: |  1  2  3  4  5  6  7  8  9 |
---------------+----------------------------+-----
Stealth        | 1 2 3 4 5 |  5.5
Fighting       | 2 3 4 5 |  5.5
Dodging        | 3 4 5 |  5.9
Unarmed Combat | 4 5 6 |  6.3
Shapeshifting  | 4 5 6 |  6.0
Evocations     | 1 2 |  2.1

Action                     |  1- 3 |  4- 6 |  7- 9 || total
---------------------------+-------+-------+-------++-------
  Melee: Unarmed           |    36 |    89 |   208 ||   333
         Constrict         |    12 |    17 |    51 ||    80
         Tentacles         |     7 |    12 |    57 ||    76
         Punch             |     1 |     2 |    13 ||    16
    Use: Scroll            |       |     7 |     8 ||    15
         Potion            |       |     1 |     2 ||     3
   Stab: Sleeping          |     5 |     7 |     9 ||    21
         Distracted        |       |       |     2 ||     2
 Armour: Skin              |     7 |    36 |   113 ||   156
  Dodge: Dodged            |    16 |    45 |   150 ||   211

Table legend: (Time is in decaauts)
 A = Elapsed time spent in this place.
 B = Non-inter-level travel time spent in this place.
 C = Inter-level travel time spent in this place.
 D = Time resting spent in this place.
 E = Time spent auto-exploring this place.
 F = Levels seen in this place.
 G = Mean time per level.
                   A        B        C        D        E       F      G
               +--------+--------+--------+--------+--------+-----+--------+
         Total |   5550 |   5354 |    196 |    921 |   2610 |   9 |  616.7 |
       Dungeon |   4956 |   4760 |    196 |    658 |   2546 |   7 |  708.0 |
         Sewer |    240 |    240 |      0 |    144 |     20 |   1 |  240.0 |
       Ossuary |    353 |    353 |      0 |    119 |     44 |   1 |  353.0 |
               +--------+--------+--------+--------+--------+-----+--------+

Top non-repeatable levels by time:
     D:4: 1007 daAuts
     D:3: 988 daAuts
     D:5: 677 daAuts
     D:2: 640 daAuts
     D:7: 602 daAuts
     D:1: 557 daAuts
     D:6: 483 daAuts
 Ossuary: 353 daAuts
   Sewer: 240 daAuts
